 Dungeon Crawl Stone Soup version 0.24-a0-115-gd155597332 (webtiles) character file.

Game seed: 6870214893355270313

19 Morbidden the Insei (level 2, 0/23 HPs)
             Began as a Demigod Transmuter on Feb 16, 2019.
             Slain by a bat (1 damage)
             ... on level 1 of the Dungeon.
             The game lasted 00:03:40 (755 turns).

Morbidden the Insei (Demigod Transmuter)             Turns: 755, Time: 00:03:40

Health: 0/23       AC:  6    Str: 13    XL:     2   Next: 39%
Magic:  7/7        EV: 12    Int: 17    God:
Gold:   59         SH:  0    Dex: 16    Spells: 3/4 levels left

rFire    . . .     SeeInvis .     - Unarmed
rCold    . . .     Gourm    .   (no shield)
rNeg     . . .     Faith    .   c - +3 leather armour
rPois    .         Spirit   .   (no helmet)
rElec    .         Reflect  .   (no cloak)
rCorr    .         Harm     .   (no gloves)
MR       .....                  (no boots)
Stlth    +.........             (no amulet)
HPRegen  0.07/turn              (no ring)
MPRegen  0.10/turn              (no ring)

@: no status effects
A: high mp 1
a: no special abilities


You were on level 1 of the Dungeon.
You were not hungry.

You visited 1 branch of the dungeon, and saw 2 of its levels.

You collected 59 gold pieces.

Inventory:

Missiles
 a - 12 arrows
Armour
 c - a +3 leather armour (worn)
Scrolls
 f - a scroll of fog {unknown}
 g - a scroll of remove curse {unknown}
Comestibles
 d - a ration


   Skills:
 + Level 1.0 Fighting
 + Level 1.9 Dodging
 * Level 3.2 Unarmed Combat
 * Level 1.9 Spellcasting
 * Level 1.8 Transmutations


You had 3 spell levels left.
You knew the following spells:

 Your Spells              Type           Power        Failure   Level  Hunger
a - Beastly Appendage     Tmut           #.....       12%         1    #......

Your spell library contained the following spells:

 Spells                   Type           Power        Failure   Level  Hunger
 Sticks to Snakes         Tmut           #.......     17%         2    ###....
 Spider Form              Tmut/Pois      #.........   45%         3    ###....
 Ice Form                 Ice/Tmut       #.......     86%         4    #####..
 Blade Hands              Tmut           #.........   97%         5    ######.


Dungeon Overview and Level Annotations

Branches:
Dungeon (2/15)

Annotations:
D:2 Jessica


Innate Abilities, Weirdness & Mutations

You have an increased reservoir of magic. (+10% MP)


Message History

* * * LOW HITPOINT WARNING * * *
Unknown command.
You aren't carrying any items that you can evoke.
Unknown command.
You aren't carrying any potions.
Unknown command.
As you read the scroll labeled EFRILI FU PATI, it crumbles to dust.
You feel strangely unstable.
It was a scroll of teleportation.
The bat hits you.
* * * LOW HITPOINT WARNING * * *
The bat hits you but does no damage.
Unknown command.
The bat barely misses you. The bat closely misses you.
Unknown command.
Your surroundings seem slightly different.
Unknown command.
The bat misses you.
Unknown command.
You miss the bat. The bat hits you.
You die...

.....##.(####.............'.#....
....$+..>.....g(..........#..#b..
.....##...#......##g......##..#..
...)......#.#######.......###..##
###'#.##..#.########l###'## #....
###.#.##..#......# #..##.# #.###
..b.#.....######.####l##.####.###
....#............b..g............
....#.########.#@##.#..#.........
....#.#........####.##.....######
....#.#........# #...........
....# #........#######.....###
'#### #....................# .#
#.........).####.....# g###
#...........+..#.....# ...#
#...........##.#.....# .#.#
#.......#...[..##..#.#


You could see a goblin, a bat and a frilled lizard.

Vanquished Creatures
  An adder (D:2)
  A giant cockroach (D:1)
  A hobgoblin (D:1)
  4 jackals (D:1)
  3 bats
10 creatures vanquished.

Notes
Turn   | Place    | Note
-------+----------+-------------------------------------------
     0 | D:1      | Morbidden the Demigod Transmuter began the quest for the
                  | Orb.
     0 | D:1      | Reached XP level 1. HP: 15/15 MP: 5/5
    47 | D:1      | Reached skill level 1 in Fighting
   289 | D:1      | Reached skill level 3 in Unarmed Combat
   417 | D:2      | Reached XP level 2. HP: 21/23 MP: 7/7
   490 | D:2      | Noticed Jessica
   728 | D:1      | HP: 1/23 [bat (1)]
   750 | D:1      | HP: 1/23 [bat (1)]
   755 | D:1      | Slain by a bat

Levels and vault maps discovered:
D:1:      scummos_arrival_hexagon, layout_basic
D:2:      layout_basic, uniq_jessica

Skill      XL: |  1 |
---------------+----+-----
Fighting       | 1 |  1.0
Unarmed Combat | 3 |  3.2
Dodging        | |  1.9
Spellcasting   | |  1.9
Transmutations | |  1.8

Action                   || total
-------------------------++-------
Melee: Unarmed           ||    42
       Headbutt          ||     4
       Punch             ||     1
       Kick              ||     2
 Cast: Beastly Appendage ||     6
  Use: Scroll            ||     2
Armor: Leather armour    ||    63
       Robe              ||     6
Dodge: Dodged            ||   137

Table legend:
 A = Non-vault XP
 B = Vault XP
 C = Vault XP percentage of total XP
 D = Non-vault monster count
 E = Vault monster count
 F = Vault count percentage of total count
                 A         B        C        D         E       F
            +---------+---------+-------+---------+---------+-------
      Total |      28 |       0 |   0.0 |      10 |       0 |   0.0
            +---------+---------+-------+---------+---------+-------
        D:1 |      14 |       0 |   0.0 |       8 |       0 |   0.0
        D:2 |      14 |       0 |   0.0 |       2 |       0 |   0.0
            +---------+---------+-------+---------+---------+-------
